 Dungeon Crawl Stone Soup version 0.29-a0-234-g0dae59b3db (webtiles) character file.

Game seed: 13105529803971735881

14 Aksej the Skirmisher (level 2, -1/24 HPs)
             Began as a Demonspawn Monk on Mar 2, 2022.
             Slain by an orc
             ... wielding a +0 hand axe
              (2 damage)
             ... on level 2 of the Dungeon.
             The game lasted 00:02:46 (721 turns).

Aksej the Skirmisher (Demonspawn Monk)               Turns: 721, Time: 00:02:47

Health: -1/24      AC:  3    Str: 11    XL:     2   Next: 31%
Magic:  2/2        EV: 13    Int: 11    God:
Gold:   83         SH:  0    Dex: 15    Spells: 1/1 levels left

rFire   . . .      SeeInvis .   a - +0 flail
rCold   . . .      Faith    .   (no shield)
rNeg    . . .      Spirit   .   b - +0 robe
rPois   .          Reflect  .   (no helmet)
rElec   .          Harm     .   (no cloak)
rCorr   .          Rampage  .   h - +0 pair of gloves
Will    .....                   (no boots)
Stlth   ++........              (no amulet)
HPRegen 0.08/turn               (no ring)
MPRegen 0.08/turn               (no ring)

@: no status effects
A: demonic magic 1
a: no special abilities


You were on level 2 of the Dungeon.
You visited 1 branch of the dungeon, and saw 2 of its levels.

You collected 83 gold pieces.

Inventory:

Hand Weapons
 a - a +0 flail (weapon)
Armour
 b - a +0 robe (worn)
 h - a +0 pair of gloves (worn)
Potions
 f - a potion of berserk rage {unknown}
 g - a potion of attraction {unknown}
 i - a potion of brilliance {unknown}


   Skills:
 * Level 3.5 Fighting
 + Level 2.8 Maces & Flails
 + Level 2.8 Dodging
 + Level 1.8 Stealth


You had one spell level left.
You didn't know any spells.
Your spell library contained the following spells:

 Spells                   Type           Power      Damage    Failure   Level
 Corpse Rot               Necr/Air       0%         N/A       47%         2
 Poisonous Vapours        Pois/Air       0%         N/A       47%         2


Dungeon Overview and Level Annotations

Branches:
Dungeon (2/15)

Altars:


Innate Abilities, Weirdness & Mutations

Spells you cast may paralyse adjacent enemies.


Message History

As you read the scroll labelled AKOURI ATAMMYIM, it crumbles to dust.
It was a scroll of blinking.
As you read the scroll labelled EMUNIE GIOSHUO, it crumbles to dust.
You feel momentarily disoriented.
It was a scroll of magic mapping.
As you read the scroll labelled VACIUT TEHIRCH, it crumbles to dust.
You feel strangely unstable.
It was a scroll of teleportation.
Your surroundings suddenly seem different.
You open the door.
There is an open door here.
There is a stone staircase leading down here.
You climb downwards.
There is a stone staircase leading up here.
An orc priest comes into view. It is wielding a +0 club.
The orc priest shouts!
You hear a shout! x2
An orc comes into view. It is wielding a +0 whip.
An orc comes into view.
It is wielding a +0 war axe. 2 orcs come into view.
Found 8 gold pieces.
The orc shouts! x2
The orc priest casts a cantrip, but nothing happens.
Found a stone staircase leading down.
The orc shouts! x2
You hit the orc priest.
The orc priest is lightly wounded.
The orc priest hits you with a +0 club.
You hit the orc priest.
The orc priest is moderately wounded.
The orc priest calls down the wrath of Beogh upon you.
Pain shoots through your body!
You closely miss the orc priest.
The orc priest is moderately wounded.
The orc priest invokes the aid of Beogh against you.
Beogh smites you!
Ouch! That really hurt!
* * * LOW HITPOINT WARNING * * *
You barely miss the orc priest.
The orc priest is lightly wounded.
The orc barely misses you. The orc closely misses you.
The orc hits you with a +0 hand axe.
You die...

#....# ... #.
#..### ....#.
#..# ....#.#
#..# .......
#..# ...#...
#..# .....$o
#..#
......o###.##
#...oo@...#
.......o......#
.############.#
#


You could see an orc priest and 4 orcs.

Vanquished Creatures
  2 endoplasms (D:1)
  A giant cockroach (D:1)
  2 kobolds (D:1)
  A quokka (D:1)
  A ball python (D:1)
  A bat (D:1)
  A frilled lizard (D:1)
  3 goblins (D:1)
  4 rats (D:1)
16 creatures vanquished.

Notes
Turn   | Place    | Note
-------+----------+-------------------------------------------
     0 | D:1      | Aksej the Demonspawn Monk began the quest for the Orb.
     0 | D:1      | Reached XP level 1. HP: 18/18 MP: 1/1
   256 | D:1      | Gained mutation: Spells you cast may paralyse adjacent
                  | enemies. [demonic ancestry]
   256 | D:1      | Reached XP level 2. HP: 23/24 MP: 2/2
   475 | D:1      | Found a faded altar of an unknown god.
   720 | D:2      | HP: 1/24 [orc priest/divine providence (12)]
   721 | D:2      | Slain by an orc

Illustrated notes

Levels and vault maps discovered:
D:1:      shiori_arrival_maze, layout_basic, chequers_ecumenical_altar_twisty
D:2:      layout_basic

Action                   || total
-------------------------++-------
Melee: Mace              ||    30
       Flail             ||     9
       Punch             ||     1
  Use: Scroll            ||     3
 Stab: Sleeping          ||     2
Armor: Robe              ||     8
Dodge: Dodged            ||    19

Table legend: (Time is in decaauts)
 A = Elapsed time spent in this place.
 B = Non-inter-level travel time spent in this place.
 C = Inter-level travel time spent in this place.
 D = Time resting spent in this place.
 E = Time spent auto-exploring this place.
 F = Levels seen in this place.
 G = Mean time per level.
                   A        B        C        D        E       F      G
               +--------+--------+--------+--------+--------+-----+--------+
         Total |    730 |    705 |     25 |      0 |    559 |   2 |  365.0 |
       Dungeon |    730 |    705 |     25 |      0 |    559 |   2 |  365.0 |
               +--------+--------+--------+--------+--------+-----+--------+

Top non-repeatable levels by time:
     D:1: 696 daAuts
     D:2: 33 daAuts
